 Dungeon Crawl Stone Soup version 0.31-a0-151-ge443d1f16c (webtiles) character file.

Game seed: 15293049908182006009

15932 qw the Marksminotaur (level 12, -8/112 HPs)
             Began as a Minotaur Hunter on June 8, 2023.
             Was an Elder of Okawaru.
             Mangled by a wyvern (12 damage)
             ... on level 3 of the Lair of Beasts.
             The game lasted 00:04:29 (10411 turns).

qw the Marksminotaur (Minotaur Hunter)             Turns: 10411, Time: 00:04:30

Health: -8/112     AC:  9    Str: 17    XL:     12   Next: 5%
Magic:  12/14      EV: 21    Int:  6    God:    Okawaru [****..]
Gold:   301        SH:  0    Dex: 18    Spells: 11/11 levels left

rFire   + . .        b - +5 orcbow (flame)
rCold   + . .        (shield currently unavailable)
rNeg    . . .        f - +1 robe {Will+}
rPois   +            (helmet unavailable)
rElec   .            l - +1 cloak
rCorr   .            a - +2 pair of gloves
SInv    .            (no boots)
Will    +....        (no amulet)
Stlth   +++          j - ring of poison resistance
HPRegen 0.38/turn    c - ring of protection from fire
MPRegen 0.14/turn

%: no passive effects
@: heroic
A: horns 3, retaliatory headbutt, cold resistance 1
a: Renounce Religion, Heroism, Finesse


You were on level 3 of the Lair of Beasts.
You worshipped Okawaru.
Okawaru was greatly pleased with you.
You visited 3 branches of the dungeon, and saw 12 of its levels.

You collected 434 gold pieces.
You spent 133 gold pieces at shops.


Innate Abilities, Weirdness & Mutations

You have a pair of large horns on your head.
You reflexively headbutt those who attack you in melee.
Your flesh is cold resistant. (rC+)


   Skills:
 - Level 12.0(17.0) Fighting
 - Level 16.0(21.0) Ranged Weapons
 - Level 4.1(9.1) Armour
 + Level 8.6(13.6) Dodging
 - Level 0.7(5.7) Stealth
 - Level 4.0 Invocations


You had 11 spell levels left.
You didn't know any spells.
Your spell library was empty.

Inventory:

Hand Weapons
 b - a +5 orcbow of flaming (weapon)
Armour
 a - a +2 pair of gloves (worn)
 f - a +1 robe of willpower (worn)
 g - a +0 ring mail
 l - a +1 cloak (worn)
Jewellery
 c - a ring of protection from fire (right hand)
 j - a ring of poison resistance (left hand)
Scrolls
 e - 4 scrolls of identify
Potions
 d - 5 potions of mutation
 h - 4 potions of curing

Dungeon Overview and Level Annotations

Branches:
Dungeon (8/15)             Temple (1/1) D:6            Lair (3/5) D:8
 Shoals (0/4) Lair:2       Spider (0/4) Lair:2

Altars:
Cheibriados
Dithmenos
Elyvilon
Gozag
Hepliaklqana
Kikubaaqudgha
Makhleb
Nemelex Xobeh
Okawaru
Qazlal
Ru
Sif Muna
Trog
Uskayaw
Vehumet
Wu Jian
Xom
Yredelemnul
Zin
The Shining One

Shops:
D:3 *   D:4 *


Message History

You shoot an arrow. The arrow hits the basilisk!
The arrow burns the basilisk.
The basilisk is heavily wounded.
The basilisk gazes at you. You resist with almost no effort.
You shoot an arrow. The arrow hits the basilisk!
The arrow burns the basilisk.
The basilisk is almost dead.
The basilisk gazes at you. You resist with almost no effort.
You shoot an arrow. The arrow hits the basilisk!
The arrow burns the basilisk.
You kill the basilisk!
Okawaru accepts your kill.
Your surroundings suddenly seem different.
A wyvern comes into view.
Found a twisted emerald amulet and 20 gold pieces.
The water moccasin hisses angrily.
You hear a croak.
You hear a loud, deep croak!
You hear an angry hiss.
A bullfrog comes into view.
A water moccasin comes into view.
The wyvern bites you!
You hear a bleat!
You shoot an arrow. The arrow closely misses the wyvern.
The wyvern closely misses you.
You shoot an arrow. The arrow completely misses the wyvern.
You hear a croak.
The wyvern misses you.
You shoot an arrow. The arrow hits the water moccasin!!
The arrow burns the water moccasin.
The water moccasin is almost dead.
The water moccasin barely misses you. The wyvern misses you.
You shoot an arrow. The arrow misses the water moccasin.
The water moccasin closely misses you. The wyvern misses you.
You shoot an arrow.
The arrow completely misses the water moccasin.
The water moccasin misses you. The wyvern misses you. You furiously retaliate!
You headbutt the wyvern! You shoot an arrow.
The arrow hits the water moccasin!!
The arrow burns the water moccasin.
You kill the water moccasin!
Okawaru accepts your kill.
You can now speed up your combat.
The wyvern bites you!
You die...

### ... ##.
77.# .$.#
..# .}$.#
777l#F"...#
7..@S#
###### #
..7Y k7
F¤#S
777#.#777
7...#%%.7
7.%.7..$7
##%## ###
#...#


You could see a water moccasin, a wyvern and a bullfrog.

Vanquished Creatures
  A catoblepas (Lair:3)
  A boulder beetle (Lair:3)
  An elephant (Lair:3)
  A merfolk siren (Lair:2)
  3 black mambas (Lair:2)
  9 cane toads
  3 rime drakes
  7 komodo dragons
  2 ice devils (Lair:1)
  A polar bear (Lair:2)
  Prince Ribbit (D:7)
  A blink frog (Lair:3)
  2 culicivoras (Lair:2)
  2 wyverns
  6 yaks (Lair:1)
  3 basilisks
  9 water moccasins
  A sky beast (D:7)
  3 black bears
  2 orc warriors (D:8)
  3 ice beasts
  8 wolves
  2 ogres
  11 bullfrogs
  A gnoll sergeant (D:6)
  A scorpion (D:7)
  5 wights (D:8)
  4 killer bees
  5 howler monkeys (D:8)
  A hound (D:4)
  2 jellies
  A gnoll bouda (D:6)
  5 orc priests
  4 sleepcaps
  6 iguanas
  5 hell rats (Lair:1)
  5 orc wizards
  9 gnolls (D:6)
  7 adders
  A shadow imp (D:8)
  3 white imps
  An ufetubus (D:5)
  3 worms (D:4)
  2 dart slugs
  32 orcs
  13 endoplasms
  4 giant cockroaches
  7 goblins
  5 hobgoblins
  8 jackals
  6 kobolds
  2 quokkas
  9 ball pythons
  5 bats
  3 frilled lizards (D:1)
  7 rats
255 creatures vanquished.

Notes
Turn   | Place    | Note
-------+----------+-------------------------------------------
     0 | D:1      | qw the Minotaur Hunter began the quest for the Orb.
     0 | D:1      | Reached XP level 1. HP: 18/18 MP: 0/0
     0 | D:1      | 0 ||| qw: Version: 0.2-a-120-gdf1a93b
     0 | D:1      | 0 ||| qw: Game counter: 3113
     0 | D:1      | 0 ||| qw: Always use a shield: true
     0 | D:1      | 0 ||| qw: God list: Okawaru
     0 | D:1      | 0 ||| qw: Allow faded altars: false
     0 | D:1      | 0 ||| qw: Do Orc after D:15 true
     0 | D:1      | 0 ||| qw: Do second Lair branch before Depths: true
     0 | D:1      | 0 ||| qw: Lair rune preference: random
     0 | D:1      | 0 ||| qw: Plans: Normal
     0 | D:1      | 0 ||| PLANNING D:1-11
   214 | D:1      | Reached XP level 2. HP: 25/25 MP: 1/1
   228 | D:1      | Reached skill level 5 in Ranged Weapons
   464 | D:1      | Reached skill level 3 in Fighting
   626 | D:1      | 626 ||| UPGRADING to +1 robe of willpower.
   636 | D:1      | 636 ||| DROPPING +0 leather armour.
   637 | D:1      | 637 ||| READING scroll labelled EFFAAL VANNOECW.
   638 | D:1      | 638 ||| READING scroll labelled LOIMPU CIEL.
   639 | D:1      | 639 ||| DROPPING scroll of butterflies.
   692 | D:2      | Reached XP level 3. HP: 24/31 MP: 2/2
   826 | D:2      | Found a snail-covered altar of Cheibriados.
  1346 | D:2      | 1346 ||| UPGRADING to +2 hat.
  1351 | D:2      | 1351 ||| READING scroll labelled ULEDIU BAPUUN.
  1352 | D:2      | 1352 ||| READING scroll labelled VEPOET REIM.
  1353 | D:2      | 1353 ||| DRINKING 4 murky orange potions.
  1353 | D:2      | Gained mutation: Your flesh is cold resistant. (rC+)
                  | [potion of mutation]
  1353 | D:2      | Gained mutation: You have a pair of large horns on your
                  | head. [potion of mutation]
  1354 | D:2      | 1354 ||| DROPPING +2 hat.
  1380 | D:3      | 1380 ||| STAIRDANCE
  1490 | D:3      | Found a faded altar of an unknown god.
  1588 | D:3      | Reached XP level 4. HP: 38/38 MP: 3/3
  1589 | D:3      | Reached skill level 6 in Ranged Weapons
  1721 | D:3      | Found Quik Osk's General Store.
  1731 | D:3      | 1731 ||| BUYING potion of mutation (80 gold).
  1731 | D:3      | Bought a potion of mutation for 80 gold pieces
  1731 | D:3      | 1731 ||| BUYING scroll of identify (20 gold).
  1731 | D:3      | Bought a scroll of identify for 20 gold pieces
  1731 | D:3      | 1731 ||| SHOPLISTING scroll of identify (20 gold, have 19).
  1854 | D:3      | Identified the +5 trident of Axki {heavy, rN+ Dex+5}
  1955 | D:3      | 1955 ||| UPGRADING to +0 pair of gloves.
  1960 | D:3      | 1960 ||| READING 2 scrolls of enchant armour.
  1960 | D:3      | 1960 ||| ENCHANTING +0 pair of gloves.
  1961 | D:3      | 1961 ||| READING scroll of enchant armour.
  1961 | D:3      | 1961 ||| ENCHANTING +1 pair of gloves.
  1962 | D:3      | 1962 ||| READING scroll labelled VITTAO HAQIF.
  1967 | D:3      | 1967 ||| READING scroll labelled GUMONK DYNA.
  1968 | D:3      | 1968 ||| READING 3 scrolls of identify.
  1968 | D:3      | 1968 ||| IDENTIFYING viscous red potion
  1998 | D:4      | 1998 ||| FLEEEEING.
  1999 | D:4      | 1999 ||| FLEEEEING.
  2001 | D:4      | 2001 ||| FLEEEEING.
  2002 | D:4      | 2002 ||| FLEEEEING.
  2003 | D:4      | 2003 ||| FLEEEEING.
  2004 | D:4      | 2004 ||| FLEEEEING.
  2005 | D:4      | 2005 ||| STAIRDANCE
  2047 | D:4      | 2047 ||| FLEEEEING.
  2048 | D:4      | 2048 ||| STAIRDANCE
  2112 | D:4      | 2112 ||| STAIRDANCE
  2118 | D:3      | Reached XP level 5. HP: 22/46 MP: 4/4
  2235 | D:4      | Found a white marble altar of Elyvilon.
  2385 | D:4      | HP: 9/46 [orc priest/+0 morningstar (7)]
  2387 | D:4      | Reached skill level 7 in Ranged Weapons
  2809 | D:4      | Reached XP level 6. HP: 52/52 MP: 5/5
  2817 | D:4      | Found Rokulumm's General Store.
  2825 | D:4      | 2825 ||| BUYING potion of curing (33 gold).
  2825 | D:4      | Bought a potion of curing for 33 gold pieces
  2825 | D:4      | 2825 ||| SHOPLISTING potion of resistance (110 gold, have
                  | 6).
  2851 | D:4      | HP: 9/52 [ogre/+0 giant spiked club (18)]
  2853 | D:4      | Reached skill level 8 in Ranged Weapons
  2853 | D:4      | 2853 ||| FLEEEEING.
  2854 | D:4      | 2854 ||| FLEEEEING.
  2859 | D:4      | 2859 ||| FLEEEEING.
  2860 | D:4      | 2860 ||| FLEEEEING.
  2880 | D:4      | 2880 ||| FLEEEEING.
  2881 | D:4      | 2881 ||| FLEEEEING.
  2882 | D:4      | 2882 ||| FLEEEEING.
  2883 | D:4      | 2883 ||| FLEEEEING.
  2884 | D:4      | 2884 ||| FLEEEEING.
  2885 | D:4      | 2885 ||| FLEEEEING.
  2909 | D:4      | 2909 ||| FLEEEEING.
  2910 | D:4      | 2910 ||| FLEEEEING.
  2911 | D:4      | 2911 ||| FLEEEEING.
  2912 | D:4      | 2912 ||| FLEEEEING.
  2913 | D:4      | 2913 ||| FLEEEEING.
  2914 | D:4      | 2914 ||| FLEEEEING.
  2915 | D:4      | 2915 ||| FLEEEEING.
  2916 | D:4      | 2916 ||| FLEEEEING.
  2917 | D:4      | 2917 ||| FLEEEEING.
  2918 | D:4      | 2918 ||| FLEEEEING.
  2919 | D:4      | 2919 ||| FLEEEEING.
  2920 | D:4      | 2920 ||| FLEEEEING.
  2945 | D:4      | 2945 ||| FLEEEEING.
  2946 | D:4      | 2946 ||| FLEEEEING.
  2947 | D:4      | 2947 ||| FLEEEEING.
  2948 | D:4      | 2948 ||| FLEEEEING.
  2949 | D:4      | 2949 ||| FLEEEEING.
  2950 | D:4      | 2950 ||| FLEEEEING.
  2985 | D:4      | 2985 ||| FLEEEEING.
  2986 | D:4      | 2986 ||| FLEEEEING.
  2987 | D:4      | 2987 ||| FLEEEEING.
  3186 | D:4      | 3186 ||| FLEEEEING.
  3187 | D:4      | 3187 ||| FLEEEEING.
  3193 | D:4      | Reached skill level 3 in Dodging
  3194 | D:4      | 3194 ||| FLEEEEING.
  3195 | D:4      | 3195 ||| FLEEEEING.
  3196 | D:4      | 3196 ||| FLEEEEING.
  3197 | D:4      | 3197 ||| FLEEEEING.
  3198 | D:4      | 3198 ||| FLEEEEING.
  3199 | D:4      | 3199 ||| FLEEEEING.
  3200 | D:4      | 3200 ||| FLEEEEING.
  3201 | D:4      | 3201 ||| FLEEEEING.
  3202 | D:4      | 3202 ||| FLEEEEING.
  3203 | D:4      | 3203 ||| FLEEEEING.
  3204 | D:4      | 3204 ||| FLEEEEING.
  3205 | D:4      | 3205 ||| FLEEEEING.
  3206 | D:4      | 3206 ||| FLEEEEING.
  3207 | D:4      | 3207 ||| FLEEEEING.
  3208 | D:4      | 3208 ||| FLEEEEING.
  3215 | D:4      | 3215 ||| FLEEEEING.
  3216 | D:4      | 3216 ||| STAIRDANCE
  3301 | D:3      | 3301 ||| DROPPING +6 ring of intelligence.
  3302 | D:3      | 3302 ||| DRINKING 2 fuming red potions.
  3406 | D:3      | 3406 ||| READING 2 scrolls of identify.
  3406 | D:3      | 3406 ||| IDENTIFYING white potion
  3407 | D:3      | 3407 ||| DROPPING potion of berserk rage.
  3529 | D:4      | Reached XP level 7. HP: 18/61 MP: 6/6
  3742 | D:5      | Entered Level 5 of the Dungeon
  3999 | D:5      | Reached skill level 9 in Ranged Weapons
  4106 | D:5      | Reached skill level 1 in Armour
  4155 | D:5      | Reached skill level 6 in Fighting
  4317 | D:5      | 4317 ||| UPGRADING to +0 cloak.
  4322 | D:5      | 4322 ||| UPGRADING to ring of poison resistance.
  4323 | D:5      | 4323 ||| READING scroll labelled BOILLI ULUAXAXT.
  4334 | D:6      | Found a staircase to the Ecumenical Temple.
  4335 | D:6      | 4335 ||| PLANNING TEMPLE
  4335 | D:6      | 4335 ||| STAIRDANCE
  4347 | Temple   | Entered the Ecumenical Temple
  4355 | Temple   | 4355 ||| PLANNING OKAWARU WORSHIP
  4527 | Temple   | Became a worshipper of Warmaster Okawaru
  4527 | Temple   | 4527 ||| PLANNING D:1-11
  4567 | D:6      | Reached XP level 8. HP: 36/70 MP: 7/7
  4567 | D:6      | 4567 ||| FLEEEEING.
  4568 | D:6      | 4568 ||| FLEEEEING.
  4569 | D:6      | 4569 ||| FLEEEEING.
  4570 | D:6      | 4570 ||| FLEEEEING.
  4571 | D:6      | 4571 ||| FLEEEEING.
  4572 | D:6      | 4572 ||| FLEEEEING.
  4573 | D:6      | 4573 ||| FLEEEEING.
  4574 | D:6      | 4574 ||| FLEEEEING.
  4575 | D:6      | 4575 ||| FLEEEEING.
  4577 | D:6      | 4577 ||| STAIRDANCE
  4771 | D:6      | Found a stormy altar of Qazlal.
  4842 | D:6      | 4842 ||| Stepping ~*~*~tactically~*~*~ (outnumbered).
  4848 | D:6      | Reached skill level 10 in Ranged Weapons
  5214 | D:6      | 5214 ||| READING scroll of enchant armour.
  5214 | D:6      | 5214 ||| ENCHANTING +0 cloak.
  5219 | D:6      | Found a shimmering altar of Xom.
  5301 | D:6      | 5301 ||| READING scroll labelled LIMOLA JOMUHA.
  5302 | D:6      | 5302 ||| READING scroll labelled TESIARE BYHEBYSU.
  5303 | D:6      | 5303 ||| READING 2 scrolls of identify.
  5303 | D:6      | 5303 ||| IDENTIFYING cyan potion
  5304 | D:6      | 5304 ||| DROPPING potion of attraction.
  5742 | D:7      | Noticed Prince Ribbit
  5752 | D:7      | Killed Prince Ribbit
  5752 | D:7      | Reached * piety under Okawaru
  6118 | D:7      | 6118 ||| READING scroll labelled LYRPHET JIOVIAC.
  6119 | D:7      | 6119 ||| READING 6 scrolls of identify.
  6119 | D:7      | 6119 ||| IDENTIFYING clear potion
  6120 | D:7      | 6120 ||| READING 5 scrolls of identify.
  6120 | D:7      | 6120 ||| IDENTIFYING bubbling pink potion
  6121 | D:7      | 6121 ||| READING 4 scrolls of identify.
  6121 | D:7      | 6121 ||| IDENTIFYING glowing silvery potion
  6122 | D:7      | 6122 ||| DROPPING potion of invisibility.
  6123 | D:7      | 6123 ||| DROPPING potion of brilliance.
  6124 | D:7      | 6124 ||| DROPPING potion of degeneration.
  6137 | D:8      | Reached skill level 1 in Invocations
  6138 | D:8      | 6138 ||| STAIRDANCE
  6140 | D:7      | 6140 ||| INVOKING Heroism.
  6141 | D:7      | HP: 15/73 [killer bee (4)]
  6142 | D:7      | 6142 ||| READING 3 scrolls of teleportation.
  6143 | D:7      | 6143 ||| DRINKING potion of heal wounds.
  6232 | D:7      | 6232 ||| FLEEEEING.
  6233 | D:7      | 6233 ||| FLEEEEING.
  6234 | D:7      | 6234 ||| FLEEEEING.
  6235 | D:7      | 6235 ||| FLEEEEING.
  6240 | D:7      | 6240 ||| FLEEEEING.
  6242 | D:7      | 6242 ||| STAIRDANCE
  6367 | D:8      | 6367 ||| INVOKING Heroism.
  6378 | D:8      | Reached XP level 9. HP: 50/79 MP: 7/9
  6382 | D:8      | 6382 ||| INVOKING Heroism.
  6382 | D:8      | HP: 12/79 [orc warrior/+0 trident (12)]
  6383 | D:8      | 6383 ||| READING 2 scrolls of teleportation.
  6384 | D:8      | Reached skill level 11 in Ranged Weapons
  6385 | D:8      | Found a staircase to the Lair.
  6386 | D:8      | 6386 ||| READING scroll of teleportation.
  6387 | D:8      | HP: 9/79 [orc/+0 short sword (4)]
  6387 | D:8      | Noticed a rime drake
  6389 | D:8      | 6389 ||| FLEEEEING.
  6390 | D:8      | 6390 ||| FLEEEEING.
  6391 | D:8      | 6391 ||| STAIRDANCE
  6452 | D:7      | 6452 ||| INVOKING Heroism.
  6457 | D:7      | HP: 18/79 [killer bee (5)]
  6462 | D:7      | HP: 12/79 [poisoned by a killer bee]
  6673 | D:8      | Killed a rime drake
  6674 | D:8      | Reached skill level 3 in Invocations
  6697 | D:8      | 6697 ||| INVOKING Heroism.
  6907 | D:8      | 6907 ||| Stepping ~*~*~tactically~*~*~ (outnumbered).
  6948 | D:8      | Found a snail-covered altar of Cheibriados.
  7013 | D:8      | Reached ** piety under Okawaru
  7053 | D:8      | 7053 ||| INVOKING Heroism.
  7057 | D:8      | Reached skill level 12 in Ranged Weapons
  7173 | D:8      | 7173 ||| INVOKING Heroism.
  7390 | D:8      | 7390 ||| PLANNING LAIR
  7390 | D:8      | 7390 ||| UPGRADING to ring of protection from fire.
  7391 | D:8      | 7391 ||| READING scroll labelled LIATHU QIUSOA.
  7392 | D:8      | 7392 ||| READING scroll labelled RASIES QAUKO.
  7392 | D:8      | Identified a scroll of acquirement
  7392 | D:8      | 7392 ||| ACQUIRING +5 orcbow of flaming
  7392 | D:8      | Acquired a +5 orcbow of flaming
  7394 | D:8      | 7394 ||| SWAPPING to +5 orcbow of flaming.
  7395 | D:8      | 7395 ||| DROPPING +1 heavy shortbow.
  7396 | D:8      | 7396 ||| READING 5 scrolls of identify.
  7396 | D:8      | 7396 ||| IDENTIFYING silvery potion
  7397 | D:8      | 7397 ||| DROPPING potion of enlightenment.
  7431 | Lair:1   | Entered Level 1 of the Lair of Beasts
  7432 | Lair:1   | 7432 ||| INVOKING Heroism.
  7493 | Lair:1   | 7493 ||| INVOKING Heroism.
  7501 | Lair:1   | Reached skill level 6 in Dodging
  7648 | Lair:1   | Noticed a komodo dragon
  7649 | Lair:1   | 7649 ||| INVOKING Heroism.
  7650 | Lair:1   | Noticed a cane toad
  7650 | Lair:1   | Noticed a komodo dragon
  7655 | Lair:1   | Reached XP level 10. HP: 88/88 MP: 9/12
  7666 | Lair:1   | Killed a cane toad
  7667 | Lair:1   | Reached skill level 13 in Ranged Weapons
  7876 | Lair:1   | Reached skill level 9 in Fighting
  7913 | Lair:1   | Found a frozen archway.
  7925 | Lair:1   | 7925 ||| INVOKING Heroism.
  8107 | Lair:1   | 8107 ||| INVOKING Heroism.
  8121 | Lair:1   | HP: 17/91 [hell rat (6)]
  8122 | Lair:1   | 8122 ||| READING scroll of teleportation.
  8126 | Lair:1   | HP: 13/91 [poisoned by a water moccasin]
  8535 | Lair:1   | Noticed a cane toad
  8536 | Lair:1   | 8536 ||| INVOKING Heroism.
  8541 | Lair:1   | Killed a cane toad
  8542 | Lair:1   | Reached skill level 14 in Ranged Weapons
  8688 | Lair:1   | Noticed a cane toad
  8689 | Lair:1   | 8689 ||| INVOKING Heroism.
  8694 | Lair:1   | Killed a cane toad
  8708 | Lair:1   | Reached *** piety under Okawaru
  8900 | Lair:2   | Noticed a black mamba
  8901 | Lair:2   | 8901 ||| INVOKING Heroism.
  8904 | Lair:2   | Killed a black mamba
  8984 | Lair:2   | Noticed a black mamba
  8985 | Lair:2   | 8985 ||| INVOKING Heroism.
  8997 | Lair:2   | 8997 ||| INVOKING Heroism.
  9002 | Lair:2   | Killed a black mamba
  9003 | Lair:2   | Reached XP level 11. HP: 98/99 MP: 9/13
  9022 | Lair:2   | 9022 ||| INVOKING Heroism.
  9044 | Lair:2   | Reached skill level 15 in Ranged Weapons
  9097 | Lair:2   | Found a hole to the Spider Nest.
  9103 | Lair:2   | 9103 ||| INVOKING Heroism.
  9322 | Lair:2   | 9322 ||| INVOKING Heroism.
  9440 | Lair:2   | 9440 ||| INVOKING Heroism.
  9464 | Lair:2   | 9464 ||| INVOKING Heroism.
  9522 | Lair:2   | 9522 ||| INVOKING Heroism.
  9576 | Lair:2   | 9576 ||| INVOKING Heroism.
  9602 | Lair:2   | 9602 ||| INVOKING Heroism.
  9612 | Lair:2   | Reached skill level 16 in Ranged Weapons
  9737 | Lair:2   | 9737 ||| INVOKING Heroism.
  9866 | Lair:2   | 9866 ||| INVOKING Heroism.
  9902 | Lair:2   | Found a staircase to the Shoals.
 10312 | Lair:3   | 10312 ||| INVOKING Heroism.
 10331 | Lair:3   | Noticed a boulder beetle
 10332 | Lair:3   | Noticed a catoblepas
 10333 | Lair:3   | 10333 ||| INVOKING Heroism.
 10334 | Lair:3   | 10334 ||| Stepping ~*~*~tactically~*~*~ (cloud).
 10356 | Lair:3   | 10356 ||| INVOKING Heroism.
 10357 | Lair:3   | Killed a boulder beetle
 10364 | Lair:3   | 10364 ||| Stepping ~*~*~tactically~*~*~ (cloud).
 10369 | Lair:3   | 10369 ||| Stepping ~*~*~tactically~*~*~ (outnumbered).
 10374 | Lair:3   | 10374 ||| Stepping ~*~*~tactically~*~*~ (cloud).
 10375 | Lair:3   | 10375 ||| INVOKING Heroism.
 10380 | Lair:3   | Killed a catoblepas
 10390 | Lair:3   | Reached skill level 12 in Fighting
 10393 | Lair:3   | Reached XP level 12. HP: 35/112 MP: 12/14
 10393 | Lair:3   | HP: 22/112 [blink frog (13)]
 10394 | Lair:3   | 10394 ||| READING 2 scrolls of teleportation.
 10397 | Lair:3   | HP: 10/112 [wyvern (3)]
 10399 | Lair:3   | Reached **** piety under Okawaru
 10401 | Lair:3   | 10401 ||| READING scroll of teleportation.
 10402 | Lair:3   | 10402 ||| INVOKING Heroism.
 10405 | Lair:3   | HP: 2/112 [wyvern (11)]
 10411 | Lair:3   | Mangled by a wyvern

Levels and vault maps discovered:
D:1:      dpeg_arrival_castle, layout_loops_ring, nicolae_figureground_sparkle
D:2:      layout_loops_cross, basic_altar
D:3:      layout_rooms, ebering_ecumenical_altar_box, serial_shops, shop,
          minmay_hedge_maze, serial_bayou_pond_c
D:4:      layout_basic, elyvilon_altar_4, serial_shops, nicolae_diamond_shop,
          kennysheep_generic_room_2
D:5:      layout_basic
D:6:      layout_rooms, old_standard_altar, mainiacjoe_overflow_small_starburst,
          minmay_temple_entry_large_hall, minivault_27, lemuel_flame_loot_1
D:7:      layout_loops_ring, uniq_prince_ribbit1
D:8:      layout_loops_cross, kennysheep_slug_shrine, hellmonk_lair_entry_icy,
          enter_bailey_4
Temple:   eino_temple_rhombus
Lair:1:   layout_roguey, serial_forest, infiniplex_forest_lined_2,
          infiniplex_forest_zigzag_2, infiniplex_forest_end_3,
          infiniplex_forest_corner_1, infiniplex_forest_straight_1,
          infiniplex_forest_lined_room_3, infiniplex_forest_clump_long,
          portal_ice_cave_demonic_guard, grunt_megastairs_3
Lair:2:   layout_regular_city, minmay_shoals_entry_lonely_mermaid,
          hellmonk_spider_entry_life_and_decay, pdpol_lair_neglected_garden
Lair:3:   nzn_winding_woodlands_stair_cross [nzn_winding_woodlands_5x15_default,
          nzn_winding_woodlands_center_pierced_h,
          nzn_winding_woodlands_5x15_twine, nzn_winding_woodlands_5x5_three,
          nzn_winding_woodlands_5x5_perimeter,
          nzn_winding_woodlands_5x15_parted,
          nzn_winding_woodlands_center_triple_pond,
          nzn_winding_woodlands_5x15_crooked], layout_misc_corridors,
          serial_bayou_crossing, serial_bayou_shore_a

Skill      XL: |  1  2  3  4  5  6  7  8  9 10 11 |
---------------+----------------------------------+-----
Ranged Weapons | 5 6 7 8 9 10 12 14 16 | 16.0
Fighting       | 3 4 5 6 7 8 10 12 | 12.0
Dodging        | 3 4 6 7 8 |  8.6
Armour         | 1 2 4 |  4.1
Invocations    | 2 4 |  4.0
Stealth        | |  0.7

Action                     |  1- 3 |  4- 6 |  7- 9 | 10-12 || total
---------------------------+-------+-------+-------+-------++-------
   Fire: Shortbow          |   132 |   171 |   335 |       ||   638
         Orcbow            |       |       |    30 |   321 ||   351
 Invoke: Heroism           |       |       |    10 |    22 ||    32
    Use: Scroll            |     4 |     6 |    15 |     3 ||    28
         Potion            |     1 |     1 |     1 |       ||     3
 Armour: Leather armour    |     2 |       |       |       ||     2
         Robe              |     7 |    37 |    37 |    29 ||   110
  Dodge: Dodged            |    22 |    45 |   167 |   143 ||   377

Table legend:
 A = Non-vault XP
 B = Vault XP
 C = Vault XP percentage of total XP
 D = Non-vault monster count
 E = Vault monster count
 F = Vault count percentage of total count
                 A         B        C        D         E       F
            +---------+---------+-------+---------+---------+-------
      Total |   14894 |    8029 |  35.0 |     220 |      35 |  13.7
            +---------+---------+-------+---------+---------+-------
        D:1 |      37 |       0 |   0.0 |      22 |       0 |   0.0
        D:2 |      49 |       0 |   0.0 |      21 |       0 |   0.0
        D:3 |      80 |       0 |   0.0 |      17 |       0 |   0.0
        D:4 |     651 |       7 |   1.1 |      34 |       2 |   5.6
        D:5 |     522 |       0 |   0.0 |      15 |       0 |   0.0
        D:6 |     435 |       0 |   0.0 |      22 |       0 |   0.0
        D:7 |     491 |     268 |  35.3 |       8 |       1 |  11.1
        D:8 |    1104 |     896 |  44.8 |      27 |      11 |  28.9
     Lair:1 |    4488 |     920 |  17.0 |      24 |       4 |  14.3
     Lair:2 |    6498 |     971 |  13.0 |      28 |       3 |   9.7
     Lair:3 |     539 |    4967 |  90.2 |       2 |      14 |  87.5
            +---------+---------+-------+---------+---------+-------
